 Dungeon Crawl Stone Soup version 0.30-a0-879-ga8ba668304 (webtiles) character file.

Game seed: 5403278456723795242

821791 NinjaNoafa the Sorcerer (level 27, -8/221 HPs)
             Began as a Grey Draconian Conjurer on Mar 11, 2023.
             Was the Champion of Vehumet.
             Mangled by a Killer Klown
             ... wielding a +10 heavy club
              (17 damage)
             ... on level 25 of a ziggurat on Mar 13, 2023.
             The game lasted 07:12:54 (80035 turns).

NinjaNoafa the Sorcerer (Grey Draconian Conjurer)  Turns: 80035, Time: 07:12:55

Health: -8/221     AC: 26    Str:  8 (11) XL:     27
Magic:  47/51      EV: 21    Int: 37 (39) God:    Vehumet [******]
Gold:   9274       SH: 33    Dex: 19 (21) Spells: 13/75 levels left

rFire   + + +      SeeInvis +    a - +3 Elemental Staff {rElec rF++ rC++ AC+5, HELP VALAMORE}
rCold   + + +      Faith    .    U - +18 shield of the Gong {Loud rN+ Will+ rCorr EV-5}
rNeg    + + +      Spirit   .    (body armour unavailable)
rPois   +          Reflect  .    P - +2 hat {SInv}
rElec   +          Rampage  .    Z - scarf {rC+ rF+}
rCorr   +          Clarity  +    e - -1 pair of gloves of the Painted Hot Ocelot {rElec}
Will    +++..                    B - +0 pair of boots "Xonucvump" {rC+ rN+ Stlth-}
Stlth   +                        C - amulet of the Endless Expanse {RegenMP rPois rF++ rN+}
HPRegen 0.56/turn                c - ring of Koisam {EV+5 Int+5}
MPRegen 0.72/turn                t - ring "Hal Ralitt" {Contam rPois Int+6 Dex+8}

@: hasted, studying 2 skills, silenced, very quick
A: AC +18, amphibious, unfitting armour, cold-blooded, talons 1, clarity, sense
surroundings 1, screaming 1, heat vulnerability 1
}: 5/15 runes: decaying, serpentine, slimy, silver, abyssal
a: Renounce Religion


You were on level 25 of a ziggurat.
You worshipped Vehumet.
Vehumet was exalted by your worship.
You visited 13 branches of the dungeon, and saw 57 of its levels.
You visited the Abyss 2 times.
You visited 1 bazaar.
You visited 1 ziggurat, and saw 25 of its levels.
You also visited: Trove, Gauntlet, Ice Cave and Desolation.

You collected 11369 gold pieces.
You spent 2095 gold pieces at shops.

Inventory:

Hand Weapons
 a - the +3 Elemental Staff (weapon) {rElec rF++ rC++ AC+5, HELP VALAMORE}
   (You found it on level 16 of a ziggurat)

   It enhances your fire, ice, earth and air magic.
   AC:        It affects your AC (+5).
   rF:        It greatly protects you from fire.
   rC:        It greatly protects you from cold.
   rElec:     It insulates you from electricity.
Missiles
 S - 12 silver javelins
Armour
 e - the -1 pair of gloves of the Painted Hot Ocelot (worn) {rElec}
   (You found it in a Gauntlet)

   rElec:     It insulates you from electricity.
 B - the +0 pair of boots "Xonucvump" (worn) {rC+ rN+ Stlth-}
   (You found it in the Desolation of Salt)

   rC:        It protects you from cold.
   rN:        It protects you from negative energy.
   Stlth:     It makes you less stealthy.
 D - a +5 kite shield of protection
 P - a +2 hat of see invisible (worn)
 U - the +18 shield of the Gong (worn) {Loud rN+ Will+ rCorr EV-5}
   (You found it on level 12 of a ziggurat)

   Loud:      It is deafeningly noisy when blocking attacks.
   EV:        It affects your evasion (-5).
   rN:        It protects you from negative energy.
   rCorr:     It protects you from acid and corrosion.
   Will:      It increases your willpower.
 Z - a scarf of resistance (worn)
Jewellery
 c - the ring of Koisam (left hand) {EV+5 Int+5}
   (You found it on level 18 of a ziggurat)

   [ring of evasion]

   EV:        It affects your evasion (+5).
   Int:       It affects your intelligence (+5).
 t - the ring "Hal Ralitt" (right hand) {Contam rPois Int+6 Dex+8}
   (You found it on level 3 of the Elven Halls)

   [ring of intelligence]

   Int:       It affects your intelligence (+6).
   Dex:       It affects your dexterity (+8).
   rPois:     It protects you from poison.
   Contam:    It causes magical contamination when unequipped.
 y - the ring of Cuedgh {Fly Int+6 Stlth+}
   (You found it in a treasure trove)

   [ring of intelligence]

   Int:       It affects your intelligence (+6).
   Fly:       It grants you flight.
   Stlth:     It makes you more stealthy.
 C - the amulet of the Endless Expanse (around neck) {RegenMP rPois rF++ rN+}
   (You found it on level 5 of the Dungeon)

   [amulet of magic regeneration]

   It increases your rate of magic regeneration.
   rF:        It greatly protects you from fire.
   rPois:     It protects you from poison.
   rN:        It protects you from negative energy.
 G - the ring "Gestrid" {rElec rF- rCorr Str+6 Int+5}
   (You took it off a deep elf zephyrmancer on level 3 of the Elven Halls)

   [ring of strength]

   Str:       It affects your strength (+6).
   Int:       It affects your intelligence (+5).
   rF:        It makes you vulnerable to fire.
   rElec:     It insulates you from electricity.
   rCorr:     It protects you from acid and corrosion.
 V - the ring of Bupn {Fly rC+++ rN+ rCorr Dex-4}
   (You found it on level 5 of the Vaults)

   [ring of flight]

   Dex:       It affects your dexterity (-4).
   rC:        It renders you almost immune to cold.
   rN:        It protects you from negative energy.
   Fly:       It grants you flight.
   rCorr:     It protects you from acid and corrosion.
Wands
 l - a wand of iceblast (59)
 q - a wand of paralysis (46)
 u - a wand of digging (24)
 F - a wand of mindburst (41)
 J - a wand of quicksilver (16)
Scrolls
 b - 5 scrolls of enchant armour
 f - 13 scrolls of immolation
 g - 6 scrolls of fear
 h - 44 scrolls of teleportation
 k - 7 scrolls of silence
 m - 9 scrolls of blinking
 o - 8 scrolls of vulnerability
 s - 9 scrolls of poison
 v - a scroll of summoning
 H - 20 scrolls of magic mapping
 R - 4 scrolls of torment
 Y - 11 scrolls of fog
Potions
 i - 11 potions of brilliance
 j - 11 potions of might
 n - 21 potions of mutation
 r - 6 potions of haste
 x - 11 potions of lignification
 z - 7 potions of berserk rage
 A - 5 potions of cancellation
 E - 5 potions of resistance
 I - 2 potions of invisibility
 K - 25 potions of curing
 M - 22 potions of attraction
 O - 5 potions of magic
 W - 6 potions of ambrosia
Miscellaneous
 d - a lightning rod (4/4)
 p - a condenser vane (inert)
 w - a box of beasts (inert)
 L - a tin of tremorstones (1/2)
 Q - a phantom mirror (inert)
 T - a phial of floods


   Skills:
 + Level 13.2 Fighting
 - Level 6.0 Staves
 + Level 14.0 Dodging
 - Level 1.7 Stealth
 - Level 17.0 Shields
 - Level 24.9 Spellcasting
 - Level 23.0 Conjurations
 - Level 5.0 Hexes
 - Level 11.5 Summonings
 - Level 8.0 Translocations
 - Level 11.0 Transmutations
 - Level 18.0 Fire Magic
 - Level 8.0 Ice Magic
 - Level 23.0 Air Magic
 - Level 23.0 Earth Magic
 + Level 10.0 Evocations


You had 13 spell levels left.
You knew the following spells:

 Your Spells              Type           Power      Damage    Failure   Level
a - Shatter               Erth           72%        3d53*     1%          9
b - Statue Form           Tmut/Erth      87%        N/A       1%          6
c - Maxwell's Capacitive  Air            72%        ∞         1%          8
d - Blink                 Tloc           100%       N/A       1%          2
e - Irradiate             Conj/Tmut      53%        3d29      0%          5
f - Chain Lightning       Conj/Air       72%        3d96      1%          9
g - Spellforged Servitor  Conj/Summ      54%        N/A       1%          7
h - Yara's Violent Unrav  Hex/Tmut       40%        3d16      1%          5
i - Freezing Cloud        Conj/Ice/Air   79%        6-21      0%          5
j - Iron Shot             Conj/Erth      72%        9d13      0%          6

Your spell library contained the following spells:

 Spells                   Type           Power      Damage    Failure   Level
 Polar Vortex             Ice            51%        N/A       99%         9
 Beastly Appendage        Tmut           100%       N/A       0%          1
 Foxfire                  Conj/Fire      100%       2x1d9     0%          1
 Kiss of Death            Conj/Necr      100%       2d13      0%          1
 Magic Dart               Conj           100%       1d8       0%          1
 Sandblast                Erth           100%       2d20      0%          1
 Shock                    Conj/Air       100%       1d9       0%          1
 Summon Small Mammal      Summ           100%       N/A       0%          1
 Call Imp                 Summ           92%        N/A       0%          2
 Momentum Strike          Conj/Tloc      100%       3d10      0%          2
 Passwall                 Tmut/Erth      100%       N/A       0%          2
 Poisonous Vapours        Pois/Air       100%       N/A       0%          2
 Scorch                   Fire           100%       2d10      0%          2
 Searing Ray              Conj           100%       2d8       0%          2
 Static Discharge         Conj/Air       100%       2-7/arc   0%          2
 Wereblood                Tmut           91%        N/A       0%          2
 Dazzling Flash           Conj/Hex       100%       N/A       0%          3
 Hailstorm                Conj/Ice       100%       3d20      0%          3
 Inner Flame              Hex/Fire       100%       N/A       0%          3
 Kindle Blastsparks       Fire/Tloc/Air  100%       2d18      0%          3
 Mephitic Cloud           Conj/Pois/Air  100%       N/A       0%          3
 Stone Arrow              Conj/Erth      100%       3d13      0%          3
 Swiftness                Air            100%       N/A       0%          3
 Vhi's Electric Charge    Tloc/Air       100%       N/A       0%          3
 Airstrike                Air            72%        2d(11-27) 0%          4
 Flame Wave               Conj/Fire      100%       2d21      0%          4
 Iskenderun's Mystic Bla  Conj/Tloc      100%       2d19      0%          4
 Petrify                  Tmut/Erth      100%       N/A       0%          4
 Sticky Flame             Conj/Fire      100%       2d11      0%          4
 Summon Lightning Spire   Summ/Air       100%       N/A       0%          4
 Arcjolt                  Conj/Air       72%        1d82      0%          5
 Fireball                 Conj/Fire      69%        3d26      0%          5
 Iskenderun's Battlesphe  Conj           100%       2d15      0%          5
 Lee's Rapid Deconstruct  Erth           72%        3d33*     0%          5
 Lightning Bolt           Conj/Air       72%        1d98      0%          5
 Conjure Ball Lightning   Conj/Air       72%        3x3d27    0%          6
 Apportation              Tloc           100%       N/A       1%          1
 Freeze                   Ice            100%       1d10      1%          1
 Necrotise                Necr           100%       1d9       1%          1
 Slow                     Hex            100%       N/A       1%          1
 Sting                    Tmut/Pois      100%       1d8       1%          1
 Cigotuvi's Dreadful Rot  Necr/Pois/Air  100%       N/A       1%          2
 Ensorcelled Hibernation  Hex/Ice        100%       N/A       1%          2
 Lesser Beckoning         Tloc           100%       N/A       1%          2
 Sublimation of Blood     Necr           46%        N/A       1%          2
 Call Canine Familiar     Summ           92%        N/A       1%          3
 Confusing Touch          Hex            70%        N/A       1%          3
 Frozen Ramparts          Ice            100%       1d16      1%          3
 Gell's Gravitas          Tloc           81%        N/A       1%          3
 Ignite Poison            Fire/Tmut/Pois 100%       N/A       1%          3
 Ozocubu's Armour         Ice            100%       N/A       1%          3
 Portal Projectile        Hex/Tloc       100%       N/A       1%          3
 Spider Form              Tmut/Pois      72%        N/A       1%          3
 Summon Guardian Golem    Hex/Summ       82%        N/A       1%          3
 Teleport Other           Tloc           81%        N/A       1%          3
 Tukima's Dance           Hex            70%        N/A       1%          3
 Cause Fear               Hex            35%        N/A       1%          4
 Fulminant Prism          Conj/Hex       49%        3d20      1%          4
 Ice Form                 Ice/Tmut       100%       N/A       1%          4
 Leda's Liquefaction      Hex/Erth       61%        N/A       1%          4
 Manifold Assault         Tloc           81%        N/A       1%          4
 Passage of Golubria      Tloc           81%        N/A       1%          4
 Summon Ice Beast         Ice/Summ       100%       N/A       1%          4
 Blade Hands              Tmut           45%        N/A       1%          5
 Borgnjor's Vile Clutch   Necr/Erth      57%        N/A       1%          5
 Metabolic Englaciation   Hex/Ice        48%        N/A       1%          5
 Silence                  Hex/Air        61%        N/A       1%          5
 Summon Mana Viper        Hex/Summ       82%        N/A       1%          5
 Starburst                Conj/Fire      69%        6d18      1%          6
 Summon Cactus Giant      Summ           46%        N/A       1%          6
 Orb of Destruction       Conj           60%        9d15      1%          7
 Storm Form               Tmut/Air       65%        N/A       1%          7
 Ignition                 Fire           66%        3d18      1%          8
 Lehudib's Crystal Spear  Conj/Erth      72%        10d16     1%          8
 Vampiric Draining        Necr           46%        2d9       2%          3
 Anguish                  Hex/Necr       29%        N/A       2%          4
 Olgreb's Toxic Radiance  Pois           46%        N/A       2%          4
 Alistair's Intoxication  Tmut/Pois      48%        N/A       2%          5
 Eringya's Noxious Bog    Tmut/Pois      36%        N/A       3%          6
 Dispersal                Tloc           40%        N/A       4%          6
 Fire Storm               Conj/Fire      69%        8d18      4%          9
 Monstrous Menagerie      Summ           46%        N/A       6%          7
 Summon Hydra             Summ           46%        N/A       6%          7
 Dragon Form              Tmut           45%        N/A       7%          7
 Ozocubu's Refrigeration  Ice            51%        4d18      7%          7
 Animate Dead             Necr           46%        N/A       8%          4
 Dispel Undead            Necr           46%        3d18      8%          4
 Malign Gateway           Summ/Tloc      43%        N/A       12%         7
 Agony                    Necr           46%        N/A       22%         5
 Simulacrum               Ice/Necr       42%        N/A       22%         6
 Summon Horrible Things   Summ           46%        N/A       41%         8
 Death Channel            Necr           23%        N/A       75%         6
 Disjunction              Tloc           40%        N/A       88%         8
 Discord                  Hex            35%        N/A       100%        8
 Infestation              Necr           23%        N/A       100%        8
 Death's Door             Necr           23%        N/A       100%        9
 Dragon's Call            Summ           46%        N/A       100%        9


Dungeon Overview and Level Annotations

Branches:
Dungeon (15/15)            Temple (1/1) D:6            Lair (5/5) D:11
  Swamp (4/4) Lair:2        Snake (4/4) Lair:3        Slime (5/5) Lair:5
    Orc (2/2) D:10            Elf (3/3) Orc:2        Vaults (5/5) D:14
  Crypt (3/3) Vaults:3       Tomb (0/3) Crypt:3      Depths (4/4) D:15
   Hell (visited)             Zot (5/5) Depths:4      IceCv (visited)
Desolation (visited)      Gauntlet (visited)
    Dis: Hell:1         Geh: Hell:1         Coc: Hell:1         Tar: Hell:1

Altars:
Ashenzari
Cheibriados
Dithmenos
Elyvilon
Fedhas
Gozag
Hepliaklqana
Kikubaaqudgha
Makhleb
Nemelex Xobeh
Okawaru
Qazlal
Ru
Sif Muna
Trog
Uskayaw
Vehumet
Wu Jian
Xom
Yredelemnul
Zin
The Shining One

Shops:
Orc:2 [?!?   Elf:1 :   Elf:3 (   Vaults:1 !   Zot:2 *

Portals:
Hell: Depths:1 Depths:2 Depths:3 Depths:4
Abyss: Depths:2 Depths:3
Pandemonium: Depths:2

Annotations:
D:2 1 runed translucent door, Crazy Yiuf


Innate Abilities, Weirdness & Mutations

Your dull iron-grey scales are very hard. (AC +18)
You are amphibious.
You cannot fit into any form of body armour.
You are cold-blooded and may be slowed by cold attacks.
You have sharp toenails.
You possess an exceptional clarity of mind.
You passively map a small area around you.
You occasionally shout uncontrollably at your foes.
You are vulnerable to heat. (rF-)


Message History

Biyr gestures.
Sesifefeo hits the apocalypse crab!
Sesifefeo burns the apocalypse crab.
The golden eye blinks at you. You resist with almost no effort.
The golden eye turns its gaze towards you.
The golden eye disappears in a puff of smoke!
The great orb of eyes disappears in a puff of smoke!
Sesifefeo completely misses the apocalypse crab.
The apocalypse crab bites Sesifefeo!
The apocalypse crab claws Sesifefeo!
The Killer Klown squeezes Sesifefeo with a +9 vampiric club.
The Killer Klown tickles Sesifefeo with a +12 club of flaming!!
The Killer Klown burns Sesifefeo.
Biyr gestures at you.
The floating eye blinks!
The chaos spawn blinks!
Sesifefeo blinks!
Xyopp blinks!
Poechour blinks!
The shining eye blinks!
The Killer Klown blinks into view!
The Killer Klown blinks!
The golden eye blinks!
Something bites Sesifefeo but does no damage.
Something claws Sesifefeo.
Sesifefeo suddenly seems more resistant.
Really release a tremorstone near your ally Sesifefeo?
Okay, then.
Clouds of flame condense around you!
The condenser dries out!
You block Xyopp's attack.
The Killer Klown is engulfed in blazing flames.
The Killer Klown pies you viciously! You block the klown pie.
Poechour is engulfed in blazing flames.
Poechour tramples you but does no damage.
Sesifefeo calls on the powers of darkness!
Your body is wracked with pain!
* * * LOW HITPOINT WARNING * * *
The floating eye convulses!
The shining eye convulses!
The Killer Klown convulses! x3; The golden eye convulses!
The eye of devastation convulses!
The Killer Klown convulses!
The floating eye is engulfed in blazing flames.
You kill the floating eye!
The floating eye disappears in a puff of smoke!
The Killer Klown is engulfed in blazing flames.
The Killer Klown kneecaps you with a +10 heavy club!
You die...

▓▓....p.≈#≈...... ,
▓▓.....p.#≈#....... ,
▓▓.....§§t.......... ,
▓.......§&.§........
▓▓.....§§§§§§........
▓......§G§§G§........
, ,
▓......§§§§§&§§§.....
▓.........§pG&p§.....
,
▓▓.........§§&@4§.....
▓..∩........§§p&§.....
,
▓▓..........§§§§§.....
,
▓....................
,
▓....................
▓....................
,
▓▓...................
▓...................
▓▓.......


You could see Biyr (invisible, unsilenced), Poechour (silencing, unsilenced),
Sesifefeo (fast, unsilenced), Xyopp, 4 Killer Klowns, a shining eye (summoned,
unsilenced), an eye of devastation (summoned), a chaos spawn, a golden eye
(summoned, unsilenced) and the friendly Sesifefeo (summoned, fast, resistant,
drained).

Vanquished Creatures
  the Royal Jelly (Slime:5)
  15 dread liches
  8 ancient liches
  6 orbs of fire
  Vv (Zot:4)
  8 Killer Klowns
  Xtahua (Crypt:3)
  Saint Roka (Elf:3)
  the Lernaean hydra (Swamp:4)
  A pandemonium lord (Zig:16)
  2 caustic shrikes
  Vashnia (Snake:4)
  Geryon (Hell)
  Nikola (Swamp:1)
  2 curse toes
  The ghost of Pimiptod the Executioner, an adept MiFi of the Shining One (Crypt:2)
  13 golden dragons
  3 profane servitors
  the Enchantress (Depths:2)
  7 bone dragons
  Jory (Crypt:2)
  A Tzitzimitl (Crypt:3)
  4 electric golems
  2 doom hounds (Crypt:3)
  2 Brimstone Fiends
  Rupert (D:15)
  10 tentacled monstrosities
  13 liches
  Asterion (Elf:2)
  4 Hell Sentinels
  2 tainted leviathans (Zig:3)
  Grunn (Crypt:3)
  Mlioglotl (Snake:2)
  The ghost of Newt the Crack Shot, an adept KoHu of Hepliaklqana (Elf:2)
  An Ice Fiend (Zig:16)
  A walking crystal tome (Depths:4)
  5 quicksilver dragons
  2 searing wretches (Zig:5)
  10 titans
  11 deep elf blademasters
  18 Orb Guardians (Zot:5)
  3 tentacled starspawn
  Murray (Hell)
  2 Executioners
  7 deep elf master archers
  3 death cobs
  A kraken (Abyss:4)
  24 acid blobs
  17 ancient champions
  7 storm dragons
  10 sphinxes
  11 tengu reavers
  6 shadow dragons
  8 azure jellies
  9 draconian monks
  Roxanne (Snake:4)
  14 rockslimes
  A demonspawn warmonger (Zig:16)
  10 revenants
  8 fire giants
  15 nagarajas
  3 emperor scorpions (Zig:4)
  8 draconian knights
  15 frost giants
  3 ghost moths
  10 deep elf sorcerers
  2 fenstrider witches
  2 iron dragons (Vaults:5)
  12 ghouls
  27 vault wardens
  14 curse skulls
  A spectral caustic shrike (Crypt:3)
  Louise (Swamp:4)
  10 draconian scorchers
  A balrug (Zig:5)
  A spectral juggernaut (Crypt:3)
  An angel (Abyss:4)
  8 draconian shifters
  5 deep elf elementalists (Elf:3)
  20 ironbound preservers
  9 draconian stormcallers
  3 cacodemons
  2 demonspawn corrupters (Zig:16)
  9 reapers
  4 spriggan defenders (Depths:2)
  13 quicksilver oozes
  22 very ugly things
  14 stone giants
  8 draconian annihilators
  17 vampire knights
  3 war gargoyles
  15 deep elf demonologists
  9 green draconians
  An eleionoma (shapeshifter) (Zig:22)
  A lorocyproca (Depths:2)
  5 ironbound thunderhulks
  An eleionoma (Swamp:4)
  2 bunyips
  22 black draconians
  16 deep elf annihilators
  18 purple draconians
  4 demonspawn black suns
  A minotaur (Gauntlet)
  14 yellow draconians
  2 halazid warlocks (Desolation)
  A putrid mouth (Crypt:2)
  13 white draconians
  2 crystal guardians
  12 eidola
  5 merfolk javelineers
  10 red draconians
  2 iron golems (Hell)
  5 blizzard demons
  23 yaktaur captains
  13 ettins
  10 great orbs of eyes
  5 entropy weavers
  7 fire dragons
  6 ragged hierophants (Desolation)
  18 deep elf death magi
  4 merfolk impalers (Zig:24)
  6 jiangshi
  A spriggan zombie (Crypt:1)
  27 deep elf high priests
  A salamander tyrant (Snake:4)
  39 vault guards
  5 ice dragons
  A hydra (shapeshifter) (Zig:22)
  2 rakshasas
  A ghost crab (Swamp:4)
  5 hell beasts
  2 catoblepae (Abyss:4)
  16 centaur warriors
  3 peacekeepers (Desolation)
  Erica (D:8)
  7 servants of whispers
  2 alligator snapping turtles (Zig:24)
  A caustic shrike simulacrum (Crypt:3)
  3 spriggan air magi
  7 anacondas
  3 ogre magi
  A merfolk avatar (Zig:24)
  6 ironbound frosthearts
  A two-headed ogre (shapeshifter) (Depths:3)
  11 alligators
  24 hydras
  A jorogumo (shapeshifter) (Zig:14)
  A spriggan skeleton (Crypt:1)
  6 merfolk aquamancers (Zig:24)
  5 satyrs (Zig:24)
  7 tengu warriors
  9 two-headed ogres
  4 boulder beetles
  41 dancing weapons
  6 death yaks (Lair:5)
  An alligator (shapeshifter) (Vaults:5)
  3 nameless horrors
  5 deep troll earth magi
  3 death knights
  6 deep troll shamans
  3 spriggan berserkers
  20 vampire magi
  Urug (Lair:2)
  4 thrashing horrors (Abyss:4)
  16 naga warriors
  2 orc high priests
  13 naga sharpshooters
  26 deep elf knights
  7 soul eaters
  A spectral storm dragon (Crypt:3)
  An emperor scorpion zombie (Crypt:2)
  22 hell knights
  6 shock serpents
  7 sun demons
  A skyshark (Lair:3)
  A fire crab (Lair:5)
  6 iron trolls
  2 wretched stars (Abyss:4)
  12 shadow wraiths
  27 skeletal warriors
  3 large abominations
  A fire crab (shapeshifter) (D:13)
  2 sixfirhies
  6 goliath frogs
  4 spriggan druids
  A sea snake (shapeshifter) (Zig:21)
  7 glowing orange brains
  47 deep trolls
  16 flayed ghosts
  An orb spider (Zig:4)
  A death drake (Abyss:4)
  An anaconda zombie (Crypt:2)
  5 sea snakes (Zig:24)
  6 lindwurms
  2 glowing orange brains (shapeshifter)
  10 naga ritualists
  10 swamp dragons (Swamp:4)
  2 obsidian statues (Zig:11)
  3 orange crystal statues
  11 wizards
  3 starcursed masses (Abyss:2)
  26 deep elf archers
  22 ironbound convokers
  11 bog bodies
  38 deep elf zephyrmancers
  13 necromancers
  38 harpies
  43 deep elf pyromancers
  14 phantasmal warriors
  An anaconda skeleton (Crypt:2)
  Pikel (D:6)
  A spectral hydra (Crypt:3)
  15 orc knights
  14 mana vipers
  A shadow dragon skeleton (Crypt:2)
  4 oklob plants (Lair:5)
  6 shining eyes
  19 salamanders
  14 fauns (Zig:24)
  A wolf spider (Zig:21)
  11 manticores
  A frost giant zombie (Crypt:3)
  13 cyclopes
  6 orc sorcerers
  45 ugly things
  A cyclops (shapeshifter) (Depths:1)
  The ghost of oldriver the Chopper, a novice GrCK of Xom (D:6)
  A stone giant zombie (Vaults:2)
  20 moths of wrath
  2 spectral centaurs (Crypt:3)
  A moth of wrath (shapeshifter) (Zig:22)
  4 will-o-the-wisps
  Joseph (D:7)
  9 guardian serpents
  An orc zombie (Crypt:1)
  21 vault sentinels
  18 naga magi
  5 ice statues
  51 black mambas
  10 water nymphs (Zig:24)
  3 merfolk sirens (Zig:24)
  2 molten gargoyles (Lair:5)
  5 eyes of devastation
  2 water nymphs (shapeshifter)
  2 rust devils
  2 orange demons (Hell)
  6 torpor snails
  A centaur skeleton (Crypt:1)
  4 gargoyles
  8 cane toads
  2 smoke demons (Hell)
  6 rime drakes
  A swamp worm zombie (Crypt:1)
  A kobold demonologist (Depths:2)
  8 hellions
  Maggie (D:7)
  8 komodo dragons
  26 yaktaurs
  An unseen horror (shapeshifter) (Elf:1)
  2 efreet
  3 tengu conjurers
  24 freezing wraiths
  A spectral harpy (Crypt:3)
  A bunyip simulacrum (Crypt:1)
  A death yak skeleton (Crypt:2)
  3 tormentors
  7 catoblepas skeletons (Abyss:4)
  5 guardian mummies (Crypt:3)
  4 ice devils
  A polar bear (shapeshifter) (Zig:21)
  An ancient zyme (Abyss:4)
  14 merfolk (Zig:24)
  3 bloated husks
  A queen bee (Lair:2)
  A harpy zombie (Abyss:4)
  A mana viper zombie (Crypt:1)
  9 tyrant leeches
  45 saltlings
  11 trolls
  A queen bee (shapeshifter) (Vaults:5)
  3 polar bears
  A meliai (shapeshifter) (D:15)
  A hornet (shapeshifter) (Zig:22)
  2 wind drakes (Zig:24)
  7 hornets
  2 merfolk (shapeshifter)
  21 blink frogs
  A wind drake (shapeshifter) (Zig:23)
  A dream sheep (shapeshifter) (D:10)
  3 snapping turtles (Zig:24)
  A jumping spider (shapeshifter) (Depths:1)
  2 raiju
  A centaur simulacrum (D:14)
  A slime creature (shapeshifter) (Elf:1)
  A spectral black mamba (Crypt:3)
  121 slime creatures
  A culicivora (shapeshifter) (D:10)
  A vampire (D:12)
  6 flying skulls
  15 water elementals
  9 air elementals
  A ynoxinul (Abyss:4)
  A spriggan (shapeshifter) (Vaults:3)
  5 shadows
  An ice dragon skeleton (Crypt:1)
  50 yaks
  6 spriggans
  8 golden eyes
  7 basilisks
  7 wyverns
  A wyvern (shapeshifter) (Vaults:5)
  A dire elephant simulacrum (IceCv)
  11 fire elementals
  14 wraiths
  A chaos spawn (Abyss:4)
  A human (D:14)
  5 redbacks
  4 steam dragons
  13 vampire mosquitoes
  A neqoxec (Zig:16)
  12 swamp worms
  3 death yak simulacra (IceCv)
  3 wargs
  A water nymph zombie (Crypt:1)
  A glowing shapeshifter zombie (Crypt:3)
  4 harpy simulacra
  45 nagas
  3 acid dragons
  12 water moccasins
  Duvessa (D:7)
  An entropy weaver zombie (Crypt:2)
  13 hell hounds
  A two-headed ogre skeleton (Crypt:2)
  22 orc warriors
  2 floating eyes (shapeshifter)
  8 swamp drakes
  3 floating eyes
  16 ogres
  4 ice beasts
  A black bear (D:6)
  7 wolves
  A small abomination (Depths:3)
  A snapping turtle skeleton (Crypt:1)
  6 centaurs
  A hog skeleton (Crypt:1)
  A hog zombie (Crypt:1)
  4 human skeletons
  2 kobold brigands (D:10)
  3 lemures (D:6)
  15 bullfrogs
  A draconian zombie (Crypt:3)
  2 gnoll sergeants
  4 two-headed ogre simulacra (IceCv)
  A wyvern zombie (Crypt:1)
  14 earth elementals
  A cyclops zombie (Crypt:3)
  A cane toad simulacrum (IceCv)
  2 scorpions
  A yaktaur skeleton (Crypt:3)
  10 wights
  A hornet simulacrum (D:15)
  Dowan (D:7)
  29 killer bees
  A raiju skeleton (Crypt:1)
  3 elephant simulacra (IceCv)
  5 howler monkeys
  A polar bear skeleton (Crypt:3)
  A troll skeleton (Crypt:3)
  8 electric eels
  9 lava snakes
  A quasit (Abyss:2)
  4 hounds
  A human zombie (Crypt:2)
  An iron imp (Abyss:4)
  7 orc priests
  A basilisk skeleton (Crypt:1)
  A gnoll bouda (Orc:1)
  4 iguanas
  3 sleepcaps
  12 orc wizards
  9 hell rats
  8 lightning spires
  10 spriggan simulacra
  5 polar bear simulacra (IceCv)
  4 troll simulacra (IceCv)
  A wolf simulacrum (IceCv)
  5 mummies
  7 gnolls
  7 naga simulacra
  A river rat (D:5)
  12 adders
  2 shadow imps
  11 white imps
  3 ufetubi (IceCv)
  A worm (D:3)
  2 dart slugs
  The ghost of relicbr the Sneak, a weakling SpDe (D:5)
  43 orcs
  6 ball pythons
  4 bats
  5 endoplasms
  2 giant cockroaches
  8 goblins
  5 hobgoblins
  A hobgoblin (shapeshifter) (Vaults:5)
  2 quokkas (D:2)
  A frilled lizard (D:1)
  11 kobolds
  2 rats
  A bush (Crypt:2)
  14 pillars of salt (Orc:2)
  3 starspawn tentacles
3010 creatures vanquished.

Vanquished Creatures (collateral kills)
  A Killer Klown (Zot:5)
  3 golden dragons
  A bone dragon (Depths:4)
  A doom hound (Crypt:3)
  4 tentacled monstrosities
  Jorgrun (D:15)
  6 Orb Guardians (Zot:5)
  3 quicksilver dragons
  An acid blob (Slime:5)
  A sphinx (Vaults:3)
  3 storm dragons
  A tengu reaver (Vaults:1)
  An azure jelly (Slime:3)
  2 shadow dragons (Zot:3)
  A revenant (Crypt:3)
  2 draconian knights (Depths:4)
  A rockslime (Slime:2)
  A daeva (Depths:1)
  5 vault wardens
  3 frost giants
  A fire giant (Depths:4)
  4 ironbound preservers
  2 orc warlords
  A draconian annihilator (Zot:2)
  A draconian scorcher (Depths:4)
  5 very ugly things
  A stone giant (Depths:3)
  2 ghouls (Crypt:2)
  A reaper (Crypt:2)
  3 quicksilver oozes
  A caustic shrike skeleton (Crypt:2)
  An ironbound thunderhulk (Vaults:3)
  A green draconian (Zot:1)
  2 vampire knights
  4 yellow draconians
  A putrid mouth (Crypt:3)
  A white draconian (Depths:4)
  2 black draconians (Zot:3)
  2 purple draconians
  A crystal guardian (Vaults:3)
  3 eidola
  4 fire dragons
  2 ettins
  Josephine (D:15)
  5 yaktaur captains
  A ragged hierophant (Desolation)
  4 great orbs of eyes
  A jiangshi (Crypt:1)
  2 servants of whispers (Desolation)
  2 spectral spriggans (Crypt:3)
  2 ice dragons (Depths:4)
  A hydra (D:15)
  2 vault guards
  A spriggan air mage (Depths:4)
  5 peacekeepers
  5 ironbound frosthearts
  2 centaur warriors
  A boulder beetle (D:15)
  2 death knights
  A vampire mage (Crypt:1)
  4 sun demons (Depths:4)
  A soul eater (Crypt:3)
  A spectral naga (Crypt:3)
  A deep elf knight (Elf:3)
  A hell knight (Depths:4)
  A skeletal warrior (Crypt:1)
  9 deep trolls
  3 flayed ghosts
  5 ironbound convokers
  2 lindwurms
  2 wizards (Vaults:1)
  A deep elf pyromancer (Elf:3)
  2 phantasmal warriors
  2 necromancers
  An orc knight (Vaults:3)
  2 harpies (Vaults:4)
  A shining eye (Slime:3)
  9 ugly things
  A worldbinder (Abyss:4)
  3 moths of wrath
  7 vault sentinels
  An eye of devastation (Slime:5)
  10 yaktaurs
  A nameless horror (Vaults:1)
  A tengu conjurer (Depths:1)
  A swamp worm zombie (Crypt:3)
  4 freezing wraiths
  An alligator snapping turtle skeleton (Crypt:3)
  An iron troll skeleton (Crypt:1)
  2 raiju (Abyss:4)
  27 saltlings
  2 flying skulls
  A shadow (Crypt:3)
  21 slime creatures
  3 wraiths
  2 culicivoras (Vaults:1)
  A fire elemental (Elf:3)
  A basilisk (Abyss:4)
  A wind drake zombie (Crypt:3)
  2 golden eyes
  A naga skeleton (Crypt:1)
  An ogre (Vaults:5)
  2 centaurs (D:14)
  A rime drake zombie (Crypt:2)
  An iron imp (Abyss:4)
  2 mummies (Crypt:3)
  A worm zombie (Crypt:1)
277 creatures vanquished.

Vanquished Creatures (others)
  An Orb Guardian (Zot:5)
  A purple draconian (Zot:1)
  A deep elf high priest (Zig:17)
  A hydra (Swamp:4)
  A moth of wrath (Zot:1)
  3 bloated husks
  A tyrant leech (Swamp:4)
  A water elemental (Elf:3)
  2 swamp drakes (Swamp:1)
  An adder (D:4)
  11 demonic plants (Gauntlet)
  10 foxfires
  A fulminant prism (D:7)
  22 fungi
  10 pillars of salt (Orc:2)
  38 plants
  3 starspawn tentacles
  8 tentacles (Abyss:4)
116 creatures vanquished.

Grand Total: 3403 creatures vanquished

Notes
Turn   | Place    | Note
-------+----------+-------------------------------------------
     0 | D:1      | NinjaNoafa the Draconian Conjurer began the quest for the
                  | Orb.
     0 | D:1      | Reached XP level 1. HP: 14/14 MP: 3/3
   210 | D:1      | Reached XP level 2. HP: 20/20 MP: 0/5
   295 | D:1      | Learned a level 2 spell: Searing Ray
   825 | D:2      | Reached XP level 3. HP: 25/26 MP: 0/7
   989 | D:2      | Reached skill level 3 in Spellcasting
  1121 | D:2      | Found a runed translucent door.
  1122 | D:2      | Noticed Crazy Yiuf
  1186 | D:2      | Reached XP level 4. HP: 33/33 MP: 2/8
  1323 | D:3      | Reached skill level 5 in Conjurations
  1566 | D:3      | You fall into a shaft and drop 3 floors!
  1601 | D:6      | Noticed a black bear
  1606 | D:6      | Killed a black bear
  1607 | D:6      | Reached skill level 4 in Spellcasting
  1607 | D:6      | Reached XP level 5. HP: 32/38 MP: 2/11
  1608 | D:6      | Found a broken altar of Ashenzari.
  1678 | D:6      | Found a snail-covered altar of Cheibriados.
  1744 | D:6      | Found a runed translucent gate.
  1744 | D:6      | Found a runed translucent gate.
  1745 | D:6      | Found a runed translucent gate.
  1745 | D:6      | Noticed a steam dragon
  1746 | D:6      | Noticed a yak
  1748 | D:6      | Noticed a lemure
  1748 | D:6      | Noticed oldriver's ghost (novice GrCK)
  1749 | D:6      | Noticed Pikel
  1750 | D:6      | Noticed a water moccasin
  1801 | D:5      | Entered Level 5 of the Dungeon
  1988 | D:4      | Reached skill level 1 in Translocations
  2011 | D:3      | Reached XP level 6. HP: 35/45 MP: 11/12
  2350 | D:4      | Found a shadowy altar of Dithmenos.
  2553 | D:4      | Identified the +1 robe "Apseasoa" {Str+6 Int+3 Slay+3}
  2731 | D:5      | Learned a level 4 spell: Iskenderun's Mystic Blast
  2762 | D:5      | Found a blossoming altar of Fedhas.
  3040 | D:5      | Reached skill level 1 in Fighting
  3040 | D:5      | Your scales start taking on a dull iron-grey colour.
  3040 | D:5      | Reached XP level 7. HP: 21/52 MP: 11/13
  3258 | D:5      | Found a runed translucent door.
  3262 | D:5      | Noticed relicbr's ghost (weakling SpDe)
  3270 | D:5      | Killed relicbr's ghost
  3274 | D:5      | Found a runed translucent door.
  3276 | D:5      | Identified the amulet of the Endless Expanse {RegenMP rPois
                  | rF++ rN+}
  3624 | D:6      | Killed Pikel
  3625 | D:6      | Reached skill level 5 in Spellcasting
  3625 | D:6      | Reached XP level 8. HP: 58/63 MP: 3/15
  3661 | D:6      | Reached skill level 5 in Translocations
  3683 | D:6      | Learned a level 3 spell: Dazzling Flash
  3817 | D:6      | Reached skill level 1 in Hexes
  3902 | D:6      | Found a staircase to the Ecumenical Temple.
  3911 | Temple   | Entered the Ecumenical Temple
  3911 | Temple   | Found a transporter.
  3911 | Temple   | Found a transporter.
  3913 | Temple   | Found a transporter.
  3913 | Temple   | Found a transporter.
  3939 | Temple   | Became a worshipper of Vehumet
  4992 | D:7      | Learned a level 4 spell: Fulminant Prism
  5008 | D:7      | Learned a level 3 spell: Hailstorm
  5075 | D:7      | Noticed Joseph
  5087 | D:7      | Killed Joseph
  5088 | D:7      | Reached XP level 9. HP: 33/69 MP: 10/17
  5091 | D:7      | Reached skill level 6 in Spellcasting
  5091 | D:7      | Noticed Maggie
  5251 | D:7      | Noticed Dowan
  5255 | D:7      | Noticed Duvessa
  5256 | D:7      | Killed Dowan
  5273 | D:7      | HP: 3/69 [centaur/arrow (7)]
  5276 | D:7      | Killed Duvessa
  5439 | D:7      | Killed Maggie
  5440 | D:7      | Reached skill level 5 in Ice Magic
  5571 | D:7      | Found the +4 consecrated labrys {holy, Valiant Fragile Fly
                  | SInv}
  5896 | D:8      | Reached XP level 10. HP: 64/76 MP: 19/19
  6065 | D:8      | Noticed Erica
  6080 | D:8      | Killed Erica
  6238 | D:8      | Reached * piety under Vehumet
  6238 | D:8      | Offered knowledge of Sandblast by Vehumet.
  6402 | D:8      | Found a shimmering altar of Xom.
  6402 | D:8      | Noticed a two-headed ogre
  6407 | D:8      | Killed a two-headed ogre
  6408 | D:8      | Reached skill level 7 in Spellcasting
  6812 | D:9      | Noticed a two-headed ogre
  6815 | D:9      | Noticed a two-headed ogre
  6826 | D:9      | Killed a two-headed ogre
  6827 | D:9      | Reached skill level 8 in Spellcasting
  6840 | D:9      | Killed a two-headed ogre
  6841 | D:9      | Reached skill level 10 in Conjurations
  7276 | D:9      | Noticed an ogre mage
  7283 | D:9      | Killed an ogre mage
  7284 | D:9      | Reached skill level 1 in Transmutations
  7284 | D:9      | Reached skill level 1 in Evocations
  7284 | D:9      | Reached XP level 11. HP: 70/83 MP: 17/23
  7339 | D:10     | Entered Level 10 of the Dungeon
  7341 | D:10     | Reached ** piety under Vehumet
  7341 | D:10     | Offered knowledge of Kiss of Death by Vehumet.
  7418 | D:10     | Found a staircase to the Orcish Mines.
  7563 | D:10     | Learned a level 5 spell: Irradiate
  7572 | D:10     | Noticed a cyan ugly thing
  7574 | D:10     | Noticed a boulder beetle
  7579 | D:10     | Killed a cyan ugly thing
  7579 | D:10     | Noticed a deep elf pyromancer
  7589 | D:10     | Killed a deep elf pyromancer
  7591 | D:10     | Killed a boulder beetle
  7873 | D:10     | Noticed a skeletal warrior
  7937 | D:11     | Reached skill level 5 in Transmutations
  7937 | D:11     | Reached skill level 5 in Evocations
  8288 | D:11     | Found a staircase to the Lair.
  8363 | Lair:1   | Entered Level 1 of the Lair of Beasts
  8493 | Lair:1   | Offered knowledge of Inner Flame by Vehumet.
  8494 | Lair:1   | Reached skill level 5 in Fighting
  8574 | Lair:1   | Found a frozen archway.
  8585 | Lair:1   | Reached skill level 5 in Dodging
  8585 | Lair:1   | Reached XP level 12. HP: 83/95 MP: 19/24
  8608 | IceCv    | Entered an ice cave
  8789 | IceCv    | Reached *** piety under Vehumet
  9124 | IceCv    | Offered knowledge of Flame Wave by Vehumet.
  9495 | IceCv    | Noticed a reaper
  9498 | IceCv    | Killed a reaper
  9499 | IceCv    | Reached **** piety under Vehumet
  9499 | IceCv    | Offered knowledge of Iskenderun's Battlesphere by Vehumet.
  9642 | Lair:1   | Learned a level 5 spell: Iskenderun's Battlesphere
  9812 | Lair:1   | Reached skill level 9 in Spellcasting
 10191 | D:11     | Noticed a boulder beetle
 10202 | D:11     | Killed a boulder beetle
 10285 | D:11     | Noticed a two-headed ogre
 10291 | D:11     | Killed a two-headed ogre
 10577 | D:10     | Reached skill level 1 in Shields
 10754 | D:10     | Noticed an ogre mage
 10760 | D:10     | Killed an ogre mage
 10823 | D:10     | Noticed a centaur warrior
 10831 | D:10     | Killed a centaur warrior
 10832 | D:10     | Reached skill level 5 in Shields
 11598 | Lair:2   | Reached ***** piety under Vehumet
 11598 | Lair:2   | Offered knowledge of Yara's Violent Unravelling by Vehumet.
 11606 | Lair:2   | Reached XP level 13. HP: 105/105 MP: 26/26
 11998 | Lair:2   | Found a staircase to the Swamp.
 12146 | Lair:2   | Noticed Urug
 12156 | Lair:2   | Killed Urug
 12576 | Lair:3   | Learned a level 5 spell: Yara's Violent Unravelling
 12589 | Lair:3   | Found a gate leading to a gauntlet.
 12624 | Gauntlet | Entered a Gauntlet
 12624 | Gauntlet | Found a transporter.
 12624 | Gauntlet | Found a transporter.
 12624 | Gauntlet | Found a transporter.
 12633 | Gauntlet | Found a transporter.
 12643 | Gauntlet | Found a transporter.
 12658 | Gauntlet | Found a transporter.
 12668 | Gauntlet | Found a transporter.
 12683 | Gauntlet | Found a transporter.
 12689 | Gauntlet | Found a transporter.
 12703 | Gauntlet | Found a transporter.
 12708 | Gauntlet | Found a transporter.
 12712 | Gauntlet | Found a transporter.
 12839 | Gauntlet | Identified the +0 cloak of Eye-covered Salvation {rElec
                  | Str+4 Dex-2}
 12929 | Gauntlet | Identified the -1 pair of gloves of the Painted Hot Ocelot
                  | {rElec}
 12968 | Gauntlet | Noticed a minotaur
 12976 | Gauntlet | Killed a minotaur
 13421 | Lair:3   | Identified the +2 falchion "Gulluiw" {venom, rF++ rN+
                  | Int+5}
 13574 | Lair:3   | Found a staircase to the Snake Pit.
 13996 | Lair:4   | Offered knowledge of Conjure Ball Lightning by Vehumet.
 14060 | Lair:4   | Identified the +0 flail "Ytupsoll" {venom, rCorr Str+3
                  | Dex+3}
 14759 | Lair:5   | Entered Level 5 of the Lair of Beasts
 14875 | Lair:5   | Reached skill level 10 in Dodging
 14944 | Lair:5   | Reached XP level 14. HP: 87/115 MP: 21/27
 14952 | Lair:5   | Reached skill level 5 in Hexes
 14972 | Lair:5   | Learned a level 5 spell: Freezing Cloud
 15124 | Lair:5   | Found a staircase to the Slime Pits.
 15424 | Lair:5   | Reached skill level 1 in Air Magic
 15781 | Lair:5   | Found a large runed translucent door.
 15781 | Lair:5   | Found a large runed translucent door.
 15977 | Lair:5   | Offered knowledge of Lightning Bolt by Vehumet.
 16359 | Lair:5   | Identified the +7 scale mail of the Harvest {Will+}
 16690 | D:6      | Killed oldriver's ghost
 17478 | Orc:1    | Entered Level 1 of the Orcish Mines
 17839 | D:12     | Found an ancient bone altar of Kikubaaqudgha.
 18221 | D:12     | Found a hide-covered altar of Uskayaw.
 18767 | Orc:2    | Entered Level 2 of the Orcish Mines
 18779 | Orc:2    | Reached skill level 5 in Air Magic
 19337 | Orc:2    | Found a staircase to the Elven Halls.
 19390 | Orc:2    | Found Oxutyem's Magic Scroll Shoppe.
 19426 | Orc:2    | Bought a scroll of blinking for 97 gold pieces
 19426 | Orc:2    | Bought a scroll of immolation for 52 gold pieces
 19426 | Orc:2    | Bought a scroll of teleportation for 39 gold pieces
 19482 | Orc:2    | Found Vietaxzu's Distillery.
 19485 | Orc:2    | Found Commy's Magic Scroll Shoppe.
 19489 | Orc:2    | Reached XP level 15. HP: 107/121 MP: 20/28
 19490 | Orc:2    | Reached skill level 10 in Spellcasting
 19510 | Orc:2    | Bought a scroll of enchant armour for 105 gold pieces
 19513 | Orc:2    | Bought a scroll of fog for 56 gold pieces
 19513 | Orc:2    | Bought a scroll of poison for 56 gold pieces
 19513 | Orc:2    | Bought a scroll of immolation for 56 gold pieces
 19513 | Orc:2    | Bought a scroll of teleportation for 42 gold pieces
 19513 | Orc:2    | Bought a scroll of teleportation for 42 gold pieces
 19513 | Orc:2    | Bought a scroll of teleportation for 42 gold pieces
 19520 | Orc:2    | Offered knowledge of Arcjolt by Vehumet.
 19525 | Orc:2    | Bought a potion of attraction for 42 gold pieces
 19525 | Orc:2    | Bought a potion of curing for 42 gold pieces
 19525 | Orc:2    | Bought a potion of cancellation for 112 gold pieces
 19525 | Orc:2    | Bought a potion of curing for 42 gold pieces
 19587 | Orc:2    | Found Atiamp's Antique Armour Shop.
 20080 | Snake:1  | Entered Level 1 of the Snake Pit
 20237 | Snake:1  | Reached skill level 10 in Transmutations
 21787 | Snake:2  | Reached skill level 10 in Shields
 22105 | Snake:2  | Noticed a nagaraja
 22110 | Snake:2  | Killed a nagaraja
 22366 | Snake:2  | Noticed Mlioglotl
 22374 | Snake:2  | Killed Mlioglotl
 23151 | Snake:3  | Noticed a nagaraja
 23155 | Snake:3  | Killed a nagaraja
 23156 | Snake:3  | Reached XP level 16. HP: 132/132 MP: 16/30
 23519 | Snake:3  | Reached ****** piety under Vehumet
 24701 | Swamp:1  | Entered Level 1 of the Swamp
 24886 | Swamp:1  | Upgraded the game from 0.30-a0-870-gc5d4c5acee to
                  | 0.30-a0-879-ga8ba668304
 24921 | Swamp:1  | Offered knowledge of Ozocubu's Refrigeration by Vehumet.
 25805 | Swamp:2  | Noticed Nikola
 25830 | Swamp:1  | Killed Nikola
 26151 | Swamp:2  | Identified the +6 dire flail of Calamity {speed, Str+3}
 26166 | Swamp:2  | Paralysed by a fenstrider witch for 2 turns
 26465 | Swamp:3  | Identified the +2 robe of the Bellicose God {Dex+4}
 26515 | Swamp:3  | Found a snail-covered altar of Cheibriados.
 26632 | Swamp:3  | Found the +8 autumn katana {manifold assault}
 26710 | Swamp:3  | Reached skill level 10 in Fighting
 27092 | Snake:4  | Entered Level 4 of the Snake Pit
 27107 | Snake:4  | Noticed Vashnia
 27123 | Snake:4  | Killed Vashnia
 27124 | Snake:4  | Reached XP level 17. HP: 51/140 MP: 24/31
 27341 | Snake:4  | Identified Roxanne's Grimoire of the Syncline
 27341 | Snake:4  | Noticed Roxanne
 27363 | Snake:4  | HP: 1/140 [Roxanne/bolt of magma (30)]
 27393 | Snake:4  | Killed Roxanne
 27393 | Snake:4  | Offered knowledge of Eringya's Noxious Bog by Vehumet.
 27627 | Swamp:4  | Entered Level 4 of the Swamp
 27633 | Swamp:4  | Reached skill level 1 in Earth Magic
 27760 | Swamp:4  | Paralysed by a fenstrider witch for 4 turns
 28076 | Swamp:4  | Reached skill level 5 in Earth Magic
 28157 | Swamp:4  | Noticed the 27-headed Lernaean hydra
 28160 | Swamp:4  | Noticed Louise
 28180 | Swamp:4  | Killed the 27-headed Lernaean hydra
 28186 | Swamp:4  | Killed Louise
 28315 | Swamp:4  | Got a decaying rune of Zot
 28998 | Snake:4  | Offered knowledge of Iron Shot by Vehumet.
 29005 | Snake:4  | Reached skill level 10 in Earth Magic
 30166 | Snake:4  | Learned a level 6 spell: Iron Shot
 30692 | Snake:4  | Reached skill level 1 in Summonings
 30692 | Snake:4  | Reached XP level 18. HP: 147/147 MP: 21/32
 31018 | Snake:4  | Got a serpentine rune of Zot
 31303 | Elf:1    | Entered Level 1 of the Elven Halls
 31621 | D:13     | Reached skill level 5 in Summonings
 32717 | D:14     | Reached skill level 11 in Spellcasting
 32818 | D:14     | Offered knowledge of Lehudib's Crystal Spear by Vehumet.
 32818 | D:14     | Offered knowledge of Polar Vortex by Vehumet.
 32818 | D:14     | Offered knowledge of Maxwell's Capacitive Coupling by
                  | Vehumet.
 33029 | D:14     | Found a gate to the Vaults.
 33389 | D:15     | Entered Level 15 of the Dungeon
 33435 | D:15     | Noticed Rupert
 34079 | Elf:1    | Found Diuzout's Book Shop.
 34107 | Elf:1    | Bought a book of Spatial Translocations for 270 gold pieces
 34111 | Elf:1    | Learned a level 2 spell: Blink
 34585 | Elf:2    | Found a runed translucent gate.
 34585 | Elf:2    | Found a runed translucent gate.
 34586 | Elf:2    | Found a runed translucent gate.
 34588 | Elf:2    | Noticed Newt's ghost (adept KoHu)
 34618 | Elf:2    | Identified the +4 hand axe "Mel Raus" {vamp, Fragile rN++
                  | rCorr Str+8}
 35103 | D:15     | Paralysed by Rupert for 4 turns
 35108 | D:15     | Killed Rupert
 35117 | D:15     | Reached skill level 10 in Summonings
 35117 | D:15     | Noticed Josephine
 35135 | D:14     | Learned a level 7 spell: Spellforged Servitor
 35276 | D:15     | Killed Josephine
 35337 | D:15     | Noticed Jorgrun
 35344 | D:15     | Killed Jorgrun
 35861 | D:15     | Found a staircase to the Depths.
 35934 | D:15     | Found a white marble altar of Elyvilon.
 36011 | Vaults:1 | Entered Level 1 of the Vaults
 36050 | Vaults:1 | Found Osuingoss's Distillery.
 36056 | Vaults:1 | Bought a potion of mutation for 136 gold pieces
 36056 | Vaults:1 | Bought a potion of heal wounds for 85 gold pieces
 36056 | Vaults:1 | Bought a potion of attraction for 51 gold pieces
 36056 | Vaults:1 | Bought a potion of magic for 136 gold pieces
 36056 | Vaults:1 | Bought a potion of heal wounds for 85 gold pieces
 36056 | Vaults:1 | Bought a potion of brilliance for 68 gold pieces
 36092 | Vaults:1 | Reached XP level 19. HP: 127/154 MP: 1/34
 36332 | Vaults:1 | Found a crumbling gateway.
 36353 | Desolati | Entered the Desolation of Salt
 36679 | Desolati | Identified the +0 robe "Papi" {rC+++ rCorr Slay-4 SInv}
 37387 | Desolati | Got the Compendium of the Entrancing Snake
 37395 | Desolati | Reached skill level 15 in Earth Magic
 37681 | Desolati | Got Sif Muna's Elucidation of Topomancy and Arcane Combat
 37684 | Desolati | Identified the +1 hand axe of Guriun {drain, *Noise *Slow
                  | rN+ Int+6}
 37686 | Desolati | Identified the +0 pair of boots "Xonucvump" {rC+ rN+
                  | Stlth-}
 38020 | Desolati | Identified the +1 ring mail of Mental Paralysis {Int+2}
 38080 | Desolati | Got the Compendium of the Evil Eye and Changing
 38082 | Desolati | Identified the +1 scale mail of Huguoczy {Rampage *Slow
                  | rN+}
 38086 | Desolati | Got Pisuqirr's Verses on Foggy Peregrination
 38120 | Desolati | Identified the ring of Olair {rC+ Str+6 Stlth+}
 39340 | Vaults:1 | Reached XP level 20. HP: 97/161 MP: 18/35
 41655 | Vaults:2 | Found a portal to a secret trove of treasure.
 42423 | Vaults:3 | Found a staircase to the Crypt.
 43819 | Vaults:3 | Reached XP level 21. HP: 168/168 MP: 3/36
 44012 | Vaults:1 | Learned a level 9 spell: Shatter
 44213 | Vaults:3 | Paralysed by a great orb of eyes for 3 turns
 44226 | Vaults:3 | Identified the +2 helmet "Junas" {rElec rCorr Str+4 Int+2}
 45019 | Depths:1 | Entered Level 1 of the Depths
 45033 | Depths:1 | Reached skill level 12 in Spellcasting
 45274 | Depths:1 | Found a runed translucent door.
 45275 | Depths:1 | Found a white marble altar of Elyvilon.
 45569 | Depths:1 | Found a gateway to Hell.
 45882 | Depths:1 | Paralysed by a vampire knight for 3 turns
 45962 | Hell     | Entered the Vestibule of Hell
 45962 | Hell     | Noticed Geryon
 45964 | Hell     | Noticed Murray
 45966 | Hell     | Killed Murray
 45968 | Hell     | Reached skill level 13 in Spellcasting
 45983 | Hell     | Killed Geryon
 45988 | Hell     | Reached skill level 14 in Spellcasting
 46476 | Vaults:2 | You paid a toll of the horn of Geryon to enter a treasure
                  | trove
 46477 | Trove    | Entered a treasure trove
 46485 | Trove    | Identified the ring of Cuedgh {Fly Int+6 Stlth+}
 46490 | Trove    | Identified the +9 war axe of the Hero {holy, Dex+2}
 46494 | Trove    | Identified the +6 battleaxe of Ohelas {flame, rC- rN+
                  | Dex+3}
 46509 | Trove    | Identified the amulet of the Komtur {Acrobat -Cast rC+
                  | rN++}
 47071 | Elf:2    | Noticed Asterion
 47296 | Elf:2    | Killed Asterion
 47631 | Elf:2    | Found a large runed translucent door.
 47631 | Elf:2    | Found a large runed translucent door.
 48423 | Elf:2    | Killed Newt's ghost
 48505 | Elf:2    | Identified the +0 pair of gloves "Zoozan" {Rampage Fly
                  | Str-2 Slay+3}
 48524 | Elf:3    | Entered Level 3 of the Elven Halls
 48525 | Elf:3    | Paralysed by an air elemental for 1 turns
 48563 | Elf:3    | Found an ancient bone altar of Kikubaaqudgha.
 48568 | Elf:3    | Noticed Saint Roka
 48569 | Elf:3    | Reached skill level 15 in Shields
 48575 | Elf:3    | Killed Saint Roka
 48580 | Elf:3    | Found Ipruur's Antique Weapon Shop.
 48942 | Elf:3    | Reached XP level 22. HP: 174/174 MP: 40/40
 48944 | Elf:3    | Identified the ring "Gestrid" {rElec rF- rCorr Str+6 Int+5}
 48959 | Elf:3    | Identified the ring "Qotraune" {rElec rN+ Str+3 Int+2
                  | Stlth+}
 49029 | Elf:3    | Identified the ring "Hal Ralitt" {Contam rPois Int+6 Dex+8}
 49174 | Elf:3    | Got the Quarto of the Flaming Charnel House
 49177 | Elf:3    | Got Sif Muna's Anthology of the Entourage
 49245 | Elf:3    | Found the amulet of the Air {Inacc Air Fly rElec RMsl}
 49967 | Depths:2 | Noticed the Enchantress
 49971 | Depths:2 | Killed the Enchantress
 50025 | Depths:2 | Found a one-way gateway to a ziggurat.
 50360 | Depths:2 | Found a one-way gate to the infinite horrors of the Abyss.
 50385 | Depths:2 | Found a one-way gate leading to the halls of Pandemonium.
 51959 | Depths:3 | Noticed a caustic shrike
 51959 | Depths:3 | Found a snail-covered altar of Cheibriados.
 51965 | Depths:3 | Killed a caustic shrike
 51966 | Depths:3 | Reached XP level 23. HP: 140/188 MP: 17/41
 52219 | Depths:3 | Identified the +2 short sword of Zaddumof {freeze, rElec
                  | rF- MP+9}
 52331 | Depths:4 | Entered Level 4 of the Depths
 52373 | Depths:4 | Reached skill level 10 in Air Magic
 52468 | Depths:4 | Found a gate to the Realm of Zot.
 52513 | Depths:4 | Reached skill level 15 in Conjurations
 54875 | Vaults:4 | Found a gateway to a bazaar.
 54881 | Bazaar   | Entered a bazaar
 54892 | Bazaar   | Found Juycza's Jewellery Boutique.
 54896 | Bazaar   | Found Qixix's Antique Weapon Boutique.
 54896 | Bazaar   | Found Zaammi Cuoll's General Store.
 54897 | Bazaar   | Found Caikit's Assorted Antiques.
 54902 | Bazaar   | Bought a potion of curing for 30 gold pieces
 54912 | Bazaar   | Bought a heavily runed zirconium amulet for 80 gold pieces
 54912 | Bazaar   | Identified the amulet "Qizuhi Coenk" {RegenMP Str+3 Int+2}
                  | (You bought it in a shop in a bazaar)
 54914 | Bazaar   | Bought 2 potions of attraction for 96 gold pieces
 54914 | Bazaar   | Bought 2 potions of attraction for 96 gold pieces
 54914 | Bazaar   | Bought a potion of mutation for 128 gold pieces
 55350 | Vaults:5 | Entered Level 5 of the Vaults
 55354 | Vaults:5 | Reached XP level 24. HP: 158/195 MP: 41/41
 55358 | Vaults:5 | Noticed a dread lich
 55359 | Vaults:5 | Killed a dread lich
 55369 | Vaults:5 | Noticed a dread lich
 55370 | Vaults:5 | Reached skill level 15 in Air Magic
 55371 | Vaults:5 | Killed a dread lich
 55374 | Vaults:5 | Identified a scroll of acquirement
 55377 | Vaults:5 | Noticed an ancient lich
 55378 | Vaults:5 | Killed an ancient lich
 55552 | Vaults:4 | Learned a level 8 spell: Maxwell's Capacitive Coupling
 55716 | Vaults:5 | Acquired 897 gold pieces
 55841 | Vaults:5 | Got Waeq's Grimoire of Conflict
 55892 | Vaults:5 | Identified the ring of Bupn {Fly rC+++ rN+ rCorr Dex-4}
 55990 | Vaults:5 | Identified the +6 rapier of the Crushed Olives {venom,
                  | rPois rF- Will++ Dex+8}
 56432 | Vaults:5 | Got a silver rune of Zot
 57301 | Zot:1    | Entered Level 1 of the Realm of Zot
 57376 | Depths:3 | Voluntarily entered the Abyss.
 57403 | Abyss:2  | Found a corrupted altar of Lugonu.
 57408 | Abyss:2  | Found a corrupted altar of Lugonu.
 57450 | Abyss:2  | Reached skill level 15 in Spellcasting
 57595 | Abyss:4  | Got an abyssal rune of Zot
 57602 | Depths:3 | Escaped the Abyss
 57701 | Depths:3 | Voluntarily entered the Abyss.
 57761 | Depths:3 | Escaped the Abyss
 57996 | Slime:1  | Entered Level 1 of the Pits of Slime
 58471 | Zot:1    | Identified the +0 helmet "Oluinon" {Int+2}
 58502 | Zot:1    | Reached XP level 25. HP: 202/202 MP: 25/42
 59759 | Zot:2    | Reached skill level 16 in Spellcasting
 60691 | Zot:2    | Found Ligruaja's CLEARANCE SALE!.
 60699 | Zot:2    | Bought a scroll of teleportation for 9 gold pieces
 61306 | Zot:3    | Noticed an orb of fire
 61311 | Zot:3    | Killed an orb of fire
 61739 | Zot:3    | Reached skill level 1 in Staves
 62235 | Zot:3    | Noticed a Killer Klown
 62244 | Zot:3    | Killed a Killer Klown
 62317 | Zot:4    | Reached skill level 10 in Evocations
 62323 | Zot:4    | Reached skill level 5 in Staves
 63216 | Zot:4    | Noticed Vv
 63221 | Zot:4    | Killed Vv
 63484 | Zot:5    | Entered Level 5 of the Realm of Zot
 63595 | Zot:5    | Reached XP level 26. HP: 181/210 MP: 19/43
 64725 | Zot:5    | Noticed an ancient lich
 64727 | Zot:5    | Killed an ancient lich
 64727 | Zot:5    | Noticed an orb of fire
 64735 | Zot:5    | Noticed an orb of fire
 64739 | Zot:5    | Noticed an orb of fire
 65398 | Slime:1  | Learned a level 9 spell: Chain Lightning
 66270 | Slime:1  | Gained mutation: You expend magic power (3 MP) to
                  | strengthen your wands. [mutagenic glow]
 67188 | Slime:5  | Entered Level 5 of the Pits of Slime
 67655 | Slime:5  | Noticed the Royal Jelly
 67662 | Slime:5  | Killed the Royal Jelly
 67941 | Slime:5  | Found the +12 pair of quick blades "Gyre" and "Gimble"
                  | {protect}
 67946 | Slime:5  | Got a slimy rune of Zot
 67974 | Slime:5  | Identified the amulet "Jygrenuz" {Spirit Dex+5}
 68046 | Slime:5  | Identified the amulet "Kung" {Spirit Regen+}
 68051 | Slime:5  | Identified the amulet of Jannanif {Spirit rPois Int+5}
 68967 | Crypt:1  | Entered Level 1 of the Crypt
 69297 | Crypt:1  | You fall into a shaft and drop 1 floor!
 70282 | Crypt:2  | Noticed Jory
 70288 | Crypt:2  | Killed Jory
 70526 | Crypt:2  | Reached XP level 27. HP: 161/216 MP: 16/43
 70607 | Crypt:2  | Found a runed translucent door.
 70608 | Crypt:2  | Noticed Pimiptod's ghost (adept MiFi)
 70640 | Crypt:2  | Killed Pimiptod's ghost
 71374 | Crypt:3  | Entered Level 3 of the Crypt
 71385 | Crypt:3  | Noticed Grunn
 71930 | Crypt:3  | Noticed Xtahua
 71935 | Crypt:3  | Killed Xtahua
 72630 | Crypt:3  | Killed Grunn
 72785 | Crypt:3  | Got Kikubaaqudgha's Quarto of the Grave
 72821 | Crypt:3  | Found the +8 whip "Snakebite" {venom, curare, rPois}
 73386 | Crypt:3  | Found a staircase to the Tomb.
 74013 | Zot:5    | Killed an orb of fire
 74034 | Zot:5    | Killed an orb of fire
 74041 | Zot:5    | Noticed an orb of fire
 74046 | Zot:5    | Killed an orb of fire
 74275 | Zot:5    | Noticed a dread lich
 74290 | Zot:5    | Killed a dread lich
 74611 | Zot:5    | Noticed an orb of fire
 74631 | Zot:5    | Gained mutation: Your spells are a little harder to cast,
                  | but a little more powerful. [an orb of fire]
 74637 | Zot:5    | Lost mutation: Your spells are a little harder to cast, but
                  | a little more powerful. [an orb of fire]
 74644 | Zot:5    | Killed an orb of fire
 74648 | Zot:5    | Killed an orb of fire
 75251 | Zig:1    | Entered Level 1 of a ziggurat
 75302 | Zig:2    | Entered Level 2 of a ziggurat
 75336 | Zig:3    | Entered Level 3 of a ziggurat
 75373 | Zig:3    | Identified the +2 hand axe of Sydielod {freeze, *Noise rN+
                  | Int+3 Stlth+}
 75384 | Zig:4    | Entered Level 4 of a ziggurat
 75397 | Zig:4    | Identified the +5 chain mail of Zewinest {rC+}
 75426 | Zig:5    | Entered Level 5 of a ziggurat
 75506 | Zig:6    | Entered Level 6 of a ziggurat
 75510 | Zig:6    | Noticed a dread lich
 75513 | Zig:6    | Killed a dread lich
 75514 | Zig:6    | Found the +5 glaive of the Guard {elec, spectral, AC+5}
 75556 | Zig:7    | Entered Level 7 of a ziggurat
 75670 | Zig:7    | Identified the +7 great sword of Extinguishment {flame,
                  | rPois rN+ SInv}
 75671 | Zig:7    | Identified the +1 leather armour "Fomikk" {Dex+3 Slay-3
                  | SInv}
 75677 | Zig:8    | Entered Level 8 of a ziggurat
 75752 | Zig:9    | Entered Level 9 of a ziggurat
 75756 | Zig:9    | Noticed a dread lich
 75758 | Zig:9    | Killed a dread lich
 75794 | Zig:9    | Got the Vademecum on the Icicle and the Coward
 75799 | Zig:9    | Got Sif Muna's Collected Works on Unfortunate Toxicants
 75821 | Zig:10   | Entered Level 10 of a ziggurat
 75832 | Zig:10   | Found the +3 greatsling "Punk" {acid, rCorr}
 75905 | Zig:11   | Entered Level 11 of a ziggurat
 76046 | Zig:11   | Identified the +1 war axe "Vifulon" {heavy, Str+7 Int-5
                  | Dex+4}
 76049 | Zig:11   | Identified the amulet "Luyn" {Reflect -Tele Int+2 Dex+2
                  | SH+5 SInv}
 76073 | Zig:11   | Identified the +1 leather armour "Daismuy" {Int+2 Slay+3}
 76075 | Zig:12   | Entered Level 12 of a ziggurat
 76267 | Zig:12   | Found the +18 shield of the Gong {Loud rN+ Will+ rCorr
                  | EV-5}
 76372 | Zig:13   | Entered Level 13 of a ziggurat
 76387 | Zig:13   | Paralysed by an air elemental for 1 turns
 76388 | Zig:13   | Reached skill level 17 in Spellcasting
 76394 | Zig:13   | Found the +5 demon whip "Spellbinder" {antimagic, disrupt,
                  | Will+}
 76395 | Zig:13   | Found the +11 Singing Sword {sonic wave}
 76451 | Zig:13   | Identified the amulet of the Coward {RegenMP Int+3}
 76495 | Zig:14   | Entered Level 14 of a ziggurat
 76507 | Zig:14   | Noticed a dread lich
 76509 | Zig:14   | Noticed an ancient lich
 76510 | Zig:14   | Killed a dread lich
 76512 | Zig:14   | Killed an ancient lich
 76516 | Zig:14   | Noticed a dread lich
 76519 | Zig:14   | Killed a dread lich
 76679 | Zig:14   | Identified the +0 dagger "Killer Klown's Regret" {freeze,
                  | rN+ Str+3 Dex-5 SInv}
 76687 | Zig:14   | Identified the +2 dagger "Ibing" {flame, Int+3}
 76703 | Zig:14   | Identified the +5 shortbow "Tehorushi" {heavy, rC++ Int+3}
 76746 | Zig:15   | Entered Level 15 of a ziggurat
 76760 | Zig:15   | Reached skill level 18 in Spellcasting
 76763 | Zig:15   | Noticed a dread lich
 76771 | Zig:15   | Killed a dread lich
 76774 | Zig:15   | Noticed a dread lich
 76776 | Zig:15   | Killed a dread lich
 76895 | Zig:15   | Identified the amulet of Muthra {Acrobat *Corrode rPois
                  | rN+++}
 76902 | Zig:15   | Identified the +3 battleaxe of Fear {spect, Int+3 Dex+4}
 76913 | Zig:15   | Reached skill level 5 in Fire Magic
 76915 | Zig:15   | Identified the amulet of Lady Luck {Reflect rPois Str+5
                  | SH+5}
 76917 | Zig:15   | Identified the +1 helmet of Sin {*Corrode *Slow Regen+
                  | SInv}
 76996 | Zig:16   | Entered Level 16 of a ziggurat
 77017 | Zig:16   | Gained mutation: You are dopey. (Int -2) [a cacodemon]
 77042 | Zig:16   | Noticed Ukilex Kinau the pandemonium lord
 77054 | Zig:16   | Killed Ukilex Kinau the pandemonium lord
 77077 | Zig:16   | Found the +3 Elemental Staff {rElec rF++ rC++ AC+5}
 77092 | Zig:16   | Identified the +5 spear of Internal Strife {freeze, Int+5
                  | Stlth-}
 77114 | Zig:17   | Entered Level 17 of a ziggurat
 77125 | Zig:17   | Learned a level 6 spell: Statue Form
 77137 | Zig:17   | Reached skill level 10 in Fire Magic
 77405 | Zig:17   | Identified the amulet "Nune Jue" {Spirit rC+}
 77409 | Zig:17   | Identified the +2 long sword "Ythaunk" {vamp, rPois rCorr
                  | Str+4 Dex-3}
 77415 | Zig:17   | Identified the ring of Ovaonets {Will+ rCorr Str-4 Dex+6}
 77422 | Zig:17   | Identified the +3 mace "Xudushe" {heavy, rN+ Will+}
 77442 | Zig:18   | Entered Level 18 of a ziggurat
 77462 | Zig:18   | Noticed a dread lich
 77467 | Zig:18   | Killed a dread lich
 77616 | Zig:18   | Identified the ring "Ahydghaf" {Wiz Will+}
 77622 | Zig:18   | Identified the +1 sling "Lachymuf" {drain, Dex+3}
 77627 | Zig:18   | Identified the ring of Koisam {EV+5 Int+5}
 77639 | Zig:18   | Identified the amulet "Ohapp" {Regen+ SInv}
 77691 | Zig:19   | Entered Level 19 of a ziggurat
 77708 | Zig:19   | Paralysed by a floating eye for 3 turns
 77711 | Zig:19   | Gained mutation: Your magical capacity is low. (-10% MP) [a
                  | shining eye]
 77720 | Zig:19   | Reached skill level 15 in Fire Magic
 77823 | Zig:19   | Acquired 1161 gold pieces
 77829 | Zig:19   | Identified the +0 leather armour "Miam" {rF+ Regen+}
 77838 | Zig:19   | Identified the amulet of Naboraob {Acrobat rN+ Slay+2}
 77841 | Zig:19   | Identified the +2 sling of Contention {freeze, Int+3}
 77846 | Zig:19   | Identified the +2 sling of the Apocalypse {drain, Dex+4}
 77913 | Zig:20   | Entered Level 20 of a ziggurat
 77937 | Zig:20   | Noticed an ancient lich
 77939 | Zig:20   | Killed an ancient lich
 78176 | Zig:20   | Identified the ring "Zorody" {Fly Str+4}
 78179 | Zig:20   | Identified the +3 shortbow "Inoody" {drain, Will+ MP+9
                  | Str+3 Int+2}
 78197 | Zig:20   | Identified the amulet "Benyzxuf" {RegenMP Int+4}
 78204 | Zig:20   | Identified the +0 ring mail "Guli" {rN+}
 78225 | Zig:21   | Entered Level 21 of a ziggurat
 78242 | Zig:21   | Noticed a dread lich
 78246 | Zig:21   | Killed a dread lich
 78250 | Zig:21   | Noticed a dread lich
 78251 | Zig:21   | Reached skill level 19 in Spellcasting
 78255 | Zig:21   | Killed a dread lich
 78257 | Zig:21   | Noticed a dread lich
 78260 | Zig:21   | Killed a dread lich
 78463 | Zig:21   | Identified the +2 sling "Uxiyfurch" {freeze, Will++ Str+3}
 78464 | Zig:21   | Identified the +1 short sword of the Growing Saviour
                  | {flame, rN++ rCorr Str+2 Dex-4}
 78474 | Zig:21   | Reached skill level 20 in Spellcasting
 78595 | Zig:22   | Entered Level 22 of a ziggurat
 78621 | Zig:22   | Noticed a dread lich
 78625 | Zig:22   | Killed a dread lich
 78630 | Zig:22   | Noticed an ancient lich
 78631 | Zig:22   | Noticed an ancient lich
 78631 | Zig:22   | Noticed a dread lich
 78632 | Zig:22   | Noticed an ancient lich
 78633 | Zig:22   | Killed an ancient lich
 78633 | Zig:22   | Killed a dread lich
 78634 | Zig:22   | Reached skill level 21 in Spellcasting
 78634 | Zig:22   | Noticed an ancient lich
 78634 | Zig:22   | Killed an ancient lich
 78634 | Zig:22   | Killed an ancient lich
 78637 | Zig:22   | Killed an ancient lich
 78859 | Zig:22   | Identified the +6 arbalest "Afusuod" {freeze, rC+ MP+9}
 78863 | Zig:22   | Reached skill level 22 in Spellcasting
 78865 | Zig:22   | Identified the +4 spear "Ynuidio" {freeze, rF+}
 78867 | Zig:22   | Identified the +8 glaive of the Hawk {heavy, rF+ Str+6}
 78892 | Zig:22   | Identified the ring "Meapuyt" {Ice Int+4}
 78897 | Zig:22   | Lost mutation: You expend magic power (3 MP) to strengthen
                  | your wands. [potion of mutation]
 78897 | Zig:22   | Lost mutation: Your magical capacity is low. (-10% MP)
                  | [potion of mutation]
 78897 | Zig:22   | Gained mutation: You occasionally shout uncontrollably at
                  | your foes. [potion of mutation]
 78897 | Zig:22   | Gained mutation: You possess an exceptional clarity of
                  | mind. [potion of mutation]
 78897 | Zig:22   | Lost mutation: You are dopey. (Int -2) [potion of mutation]
 78897 | Zig:22   | Gained mutation: You passively map a small area around you.
                  | [potion of mutation]
 78909 | Zig:22   | Identified the +1 pair of boots "Yllatang" {Rampage}
 78918 | Zig:22   | Got Ararr's Catalogue of Transformed Leadership
 78996 | Zig:23   | Entered Level 23 of a ziggurat
 79038 | Zig:23   | Reached skill level 23 in Spellcasting
 79352 | Zig:23   | Identified the +3 halberd "Joss" {spect, rF++}
 79363 | Zig:23   | Identified the +1 dagger "Monnuacw" {spect, Dex+8}
 79374 | Zig:23   | Got the Compilation of the Molten Nimbus
 79443 | Zig:24   | Entered Level 24 of a ziggurat
 79489 | Zig:24   | Reached skill level 24 in Spellcasting
 79845 | Zig:24   | Found the +8 frozen axe "Frostbite" {freeze, freezing
                  | cloud, *Noise Fly rC+}
 79847 | Zig:24   | Found the necklace of Bloodlust {Fury *Rage Will++ Int-3
                  | Slay+6}
 79876 | Zig:24   | Identified the ring of Vobuf {Fire Drain Str+7 Int+4 Dex-2}
 79885 | Zig:24   | Identified the ring of Zawu Wuq {*Corrode rF+ Str+6 Dex+3}
 79900 | Zig:24   | Identified the +8 dagger of the Hugging Sybil {drain, Fly
                  | rElec rF+ rC+}
 79996 | Zig:25   | Entered Level 25 of a ziggurat
 80013 | Zig:25   | Noticed Xyopp the pandemonium lord
 80013 | Zig:25   | Noticed Poechour the pandemonium lord
 80016 | Zig:25   | Noticed Biyr the pandemonium lord
 80016 | Zig:25   | Noticed Sesifefeo the pandemonium lord
 80024 | Zig:25   | Gained mutation: You have sharp toenails. [a shining eye]
 80026 | Zig:25   | Gained mutation: You are vulnerable to heat. (rF-) [a
                  | shining eye]
 80030 | Zig:25   | HP: 9/221 [Biyr the pandemonium lord (29)]
 80035 | Zig:25   | HP: 9/221 [??? (2)]
 80035 | Zig:25   | Mangled by a Killer Klown

Illustrated notes

Levels and vault maps discovered:
D:1:      psy_arrival_basics, layout_loops_ring, st_stairs_3,
          minmay_tetromino_i4
D:2:      layout_basic, serial_glass, glass_columns_a, glass_columns_c,
          feat_on_display, uniq_crazy_yiuf_cottage
D:3:      layout_rooms
D:4:      layout_rooms, mainiacjoe_overflow_24_doors
D:5:      layout_gridville, mainiacjoe_overflow_six_doors_small,
          ebering_ghost_sewer_f
D:6:      layout_basic, overflow_temple_1_default, chei_slow_surprise,
          temple_green, gammafunk_ghost_split, grunt_ministairs_12,
          reono_crystal_passage, uniq_pikel
D:7:      layout_basic, uniq_duvessa, uniq_maggie, uniq_joseph
D:8:      layout_rooms, kennysheep_little_box, uniq_erica
D:9:      layout_basic, kennysheep_just_a_vault
D:10:     minmay_the_grid_four_pointed_star
          [minmay_the_grid_triangle_9x9_thin_v,
          minmay_the_grid_triangle_9x9_limited_checkers,
          minmay_the_grid_triangle_9x9_steps,
          minmay_the_grid_triangle_9x9_semitri,
          minmay_the_grid_prize_four_corners], layout_grid_maze, orc_0_dummy,
          nrook_pool_corridor
D:11:     layout_basic, hellmonk_lair_entry_icy
D:12:     layout_basic, hangedman_feature_mirror, minivault_24
D:13:     layout_basic, columned_hall_lemuel
D:14:     layout_small_grid, grunt_vaults_entry_fortified
D:15:     hangedman_depths_entry_civil_slaughter, layout_cave_pools,
          lemuel_round_altar, uniq_josephine, uniq_jorgrun, uniq_rupert
Temple:   hellmonk_temple_divided_pantheon
Lair:1:   layout_roguey, portal_ice_cave_demonic_guard
Lair:2:   layout_long_grid, swamp_mist_pool, special_room [special_room_bee],
          serial_bayou_lagoon_b, serial_bayou_shore_b, serial_bayou_shore_b,
          grunt_megastairs_1, serial_bayou_shore_b, uniq_urug
Lair:3:   layout_long_grid, nicolae_snake_entry_squirm, gauntlet_entry_generic
Lair:4:   layout_regular_city, ldierk_geyser, nicolae_lair_liquid_snakes
Lair:5:   cheibrodos_lair_end_hotspot, layout_regular_city,
          minmay_slime_entry_oklob_open, wad_woods_road_03
Swamp:1:  layout_falls_marsh, evilmike_swamp_ruin_house_6, swamp_pool5
Swamp:2:  layout_basic_swamp, evilmike_swamp_ruin_rubble_1, uniq_nikola
Swamp:3:  nicolae_swamp_tree_isthmus, layout_basic_swamp, basic_altar
Swamp:4:  swamp_old_school, layout_basic_swamp, uniq_louise
Snake:1:  layout_onion
Snake:2:  kennysheep_six_static_rooms, layout_cave_town, drop_trap,
          uniq_mlioglotl
Snake:3:  layout_layer_cave, serial_bayou_shore_b
Snake:4:  grunt_snake_rune_spirals, layout_onion, uniq_roxanne, uniq_vashnia
Slime:1:  layout_caves
Slime:2:  layout_caves
Slime:3:  layout_caves
Slime:4:  layout_caves
Slime:5
Orc:1:    layout_diamond_mine
Orc:2:    hellmonk_orc_salted, layout_caves
Elf:1:    layout_geoelf_octagon, serial_shops, shop,
          kennysheep_underground_church
Elf:2:    elven_hall_of_blades_hangedman_alternative
          [nicolae_blade_entry_splitting_headache], layout_gridlike,
          gammafunk_ghost_tricky_traps, uniq_asterion
Elf:3:    minmay_elf_hall_not_hex, layout_rooms, serial_shops,
          nicolae_shop_stone, basic_altar, roderic_lattice_octagonal_star,
          uniq_saint_roka
Vaults:1: portal_desolation_entry_nicolae_nacl, v_misc_16, v_misc_15,
          dpeg_vaults_waves, v_misc_5, vaults_mumra_minichess_inversion,
          vaults_room_semicircle, v_alt_pattern_5, v_misc_5, v_misc_4,
          nicolae_vaults_network_quinsquares
          [nicolae_vaults_network_quincunx_subvault,
          nicolae_vaults_network_quincunx_subvault,
          nicolae_vaults_network_quincunx_subvault,
          nicolae_vaults_network_quincunx_subvault], vaults_room_door_ring,
          nicolae_vaults_asterisk, nicolae_vaults_shelves_hall,
          layout_vaults_omnicross, serial_shops, shop_fountains
Vaults:2: ontoclasm_vaults_shuriken, vaults_dpeg_emergency_exit,
          nicolae_vaults_little_squares_1, v_misc_9,
          hangedman_vaults_variations, v_misc_24, hangedman_vaults_impose,
          hangedman_vaults_stream, nicolae_vaults_little_squares_4,
          v_alt_pattern_3, vaults_mumra_lcd, vaults_room_semicircle,
          serial_ice_g, v_misc_9, layout_vaults_omnibox, enter_trove_0
Vaults:3: st_diamondy, hangedman_vaults_stagger, blue_anna_dwarven_crypt,
          grunt_vaults_twisty, v_alt_pattern_4, ontoclasm_vaults_ring_small,
          v_pattern_5, vaults_mumra_hexcomb, ontoclasm_vaults_spin, v_rooms_2,
          nicolae_vaults_little_squares_3, layout_vaults_big_room
Vaults:4: nicolae_vaults_what_the_h, vaults_room_fours,
          nicolae_vaults_stairing_the_circle, v_misc_15, v_misc_1,
          vaults_mumra_chevron_long, v_misc_25, nicolae_vaults_alarming,
          nicolae_vaults_mini_display_case, vaults_dpeg_encased_lava,
          layout_vaults_quadrants, serial_shops, statue_bzr
Vaults:5
Crypt:1:  layout_catacombs, nicolae_crypt_soggy_tomb
Crypt:2:  layout_gridlike, hellmonk_ghost_big_iron, grunt_megastairs_3,
          uniq_jory
Crypt:3:  due_elkab, layout_chaotic_city, nicolae_tomb_entry_grand_gallery,
          uniq_grunn, uniq_xtahua
Depths:1: layout_cave_shapes, minmay_holes, hangedman_coc_ice_floe,
          lemuel_angel_altar
Depths:2: minmay_diamond_stairs, layout_cave_pools, enter_ziggurat_e,
          hell_entry, nicolae_abyss_entry_one_way_or_another, pan_entry,
          minmay_crystal_water, nrook_kobold_shadow_demons,
          minmay_staircase_statues_hall_small, uniq_enchantress
Depths:3: pf_snail_temple, layout_basic, hell_entry, abyss_entry, st_stairs_4
Depths:4: grunt_zot_entry_bicorn, layout_basic,
          nicolae_hell_entry_hellmouth_sunbeams
Hell
Zot:1:    layout_misc_corridors
Zot:2:    layout_cathedral_of_symmetry, nicolae_shop_clearance
Zot:3:    layout_twisted_circle, lemuel_elevator
Zot:4:    layout_misc_corridors, uniq_vv
Zot:5:    layout_twisted_circle
Zig:25

Skill      XL: |  1  2  3  4  5  6  7  8  9 10 11 12 13 14 15 16 17 18 19 20 21 22 23 24 25 26 27 |
---------------+----------------------------------------------------------------------------------+-----
Spellcasting   | 3 4 5 6 8 9 10 11 14 15 16 24 | 24.9
Conjurations   | 5 6 7 10 11 12 13 14 15 16 18 20 23 | 23.0
Translocations | 1 4 6 7 8 |  8.0
Fighting       | 1 3 5 7 8 9 10 12 13 | 13.2
Dodging        | 2 3 5 6 10 12 14 | 14.0
Hexes          | 3 4 5 |  5.0
Ice Magic      | 3 5 6 8 |  8.0
Transmutations | 1 6 8 9 10 11 | 11.0
Evocations     | 1 6 8 10 | 10.0
Shields        | 5 12 14 15 17 | 17.0
Air Magic      | 6 8 9 13 16 18 20 23 | 23.0
Earth Magic    | 13 18 22 23 | 23.0
Summonings     | 1 10 11 | 11.5
Staves         | 6 |  6.0
Fire Magic     | 18 | 18.0
Stealth        | |  1.7

Action                     |  1- 3 |  4- 6 |  7- 9 | 10-12 | 13-15 | 16-18 | 19-21 | 22-24 | 25-27 || total
---------------------------+-------+-------+-------+-------+-------+-------+-------+-------+-------++-------
  Melee: Unarmed           |     1 |       |       |       |       |       |       |       |     5 ||     6
         Short sword       |    25 |     6 |       |       |       |       |       |       |       ||    31
         Tailslap          |     5 |     1 |     7 |     7 |    10 |     8 |    34 |    17 |    51 ||   140
         Punch             |     1 |       |       |       |       |       |       |       |       ||     1
         Dagger            |       |    15 |    56 |       |       |       |       |       |       ||    71
         Labrys            |       |       |     6 |    41 |    34 |    56 |    55 |       |       ||   192
         Staff             |       |       |       |       |       |       |    93 |    65 |   200 ||   358
   Cast: Magic Dart        |    25 |    23 |     2 |    74 |   413 |   190 |     2 |       |       ||   729
         Searing Ray       |     8 |    22 |    28 |    11 |    11 |     7 |       |       |       ||    87
         Iskenderun's Myst |       |     1 |    40 |   149 |   219 |   184 |    30 |       |       ||   623
         Hailstorm         |       |       |    19 |    72 |     3 |       |       |       |       ||    94
         Dazzling Flash    |       |       |     3 |     2 |       |     2 |       |       |       ||     7
         Fulminant Prism   |       |       |     1 |       |       |       |       |       |       ||     1
         Irradiate         |       |       |       |    12 |    15 |    19 |    18 |     4 |     6 ||    74
         Iskenderun's Batt |       |       |       |    22 |   133 |   108 |       |       |       ||   263
         Freezing Cloud    |       |       |       |       |    97 |   119 |    14 |     3 |     7 ||   240
         Yara's Violent Un |       |       |       |       |    12 |    32 |    33 |     1 |     6 ||    84
         Iron Shot         |       |       |       |       |       |   204 |   337 |   166 |   326 ||  1033
         Spellforged Servi |       |       |       |       |       |     9 |    63 |    34 |    84 ||   190
         Blink             |       |       |       |       |       |     2 |       |     1 |       ||     3
         Shatter           |       |       |       |       |       |       |   108 |   167 |   166 ||   441
         Maxwell's Capacit |       |       |       |       |       |       |       |    11 |    24 ||    35
         Chain Lightning   |       |       |       |       |       |       |       |       |   214 ||   214
         Statue Form       |       |       |       |       |       |       |       |       |     7 ||     7
Ability: End Transformatio |       |       |       |       |       |       |       |       |     2 ||     2
  Evoke: Wand              |       |       |       |     6 |     3 |     2 |     7 |     5 |     7 ||    30
         Tin of tremorston |       |       |       |       |       |       |     2 |       |     3 ||     5
         Condenser vane    |       |       |       |       |       |       |     1 |     1 |     3 ||     5
         Phial of floods   |       |       |       |       |       |       |       |       |     1 ||     1
         Box of beasts     |       |       |       |       |       |       |       |       |     1 ||     1
         Phantom mirror    |       |       |       |       |       |       |       |       |     1 ||     1
    Use: Scroll            |       |       |    12 |    12 |    12 |     9 |     4 |     1 |    18 ||    68
         Potion            |       |       |     2 |     3 |       |     6 |     3 |     3 |    32 ||    49
   Stab: Sleeping          |       |       |       |       |       |       |     1 |     1 |     1 ||     3
         Distracted        |       |       |       |       |       |       |     1 |       |     5 ||     6
 Armour: Skin              |    15 |    25 |    65 |   108 |   155 |   239 |   154 |    60 |   232 ||  1053
  Dodge: Dodged            |    33 |    48 |    68 |   122 |   148 |   203 |   211 |   163 |   378 ||  1374
  Block: Buckler           |       |       |       |     8 |    52 |       |       |       |       ||    60
         Kite shield       |       |       |       |       |    48 |   349 |   443 |   216 |   510 ||  1566

Table legend: (Time is in decaauts)
 A = Elapsed time spent in this place.
 B = Non-inter-level travel time spent in this place.
 C = Inter-level travel time spent in this place.
 D = Time resting spent in this place.
 E = Time spent auto-exploring this place.
 F = Levels seen in this place.
 G = Mean time per level.
                   A        B        C        D        E       F      G
               +--------+--------+--------+--------+--------+-----+--------+
         Total |  80620 |  68232 |  12388 |   1472 |  49507 |  92 |  876.3 |
       Dungeon |  17037 |  12854 |   4183 |    335 |   8633 |  15 | 1135.8 |
        Temple |     51 |     33 |     18 |      0 |      7 |   1 |   51.0 |
          Lair |   6999 |   5571 |   1428 |    261 |   4147 |   5 | 1399.8 |
         Swamp |   3452 |   3016 |    436 |    171 |   2162 |   4 |  863.0 |
     Snake Pit |   7216 |   6643 |    573 |      0 |   5267 |   4 | 1804.0 |
    Slime Pits |   2759 |   2360 |    399 |     56 |   1494 |   5 |  551.8 |
  Orcish Mines |   1846 |   1500 |    346 |      0 |   1054 |   2 |  923.0 |
   Elven Halls |   3885 |   3455 |    430 |      0 |   2779 |   3 | 1295.0 |
        Vaults |  10265 |   8581 |   1684 |     12 |   6923 |   5 | 2053.0 |
         Crypt |   4521 |   4155 |    366 |      0 |   2895 |   3 | 1507.0 |
        Depths |   6796 |   5164 |   1632 |    325 |   3934 |   4 | 1699.0 |
          Hell |     53 |     53 |      0 |      0 |      0 |   1 |   53.0 |
           Zot |   6951 |   6063 |    888 |    309 |   4397 |   5 | 1390.2 |
         Abyss |    286 |    286 |      0 |      0 |     42 |   5 |   57.2 |
      Ziggurat |   4936 |   4936 |      0 |      3 |   3280 |  25 |  197.4 |
        Bazaar |     47 |     47 |      0 |      0 |     36 |   1 |   47.0 |
         Trove |     61 |     61 |      0 |      0 |      4 |   1 |   61.0 |
      Ice Cave |   1034 |   1034 |      0 |      0 |    792 |   1 | 1034.0 |
    Desolation |   1938 |   1938 |      0 |      0 |   1361 |   1 | 1938.0 |
      Gauntlet |    477 |    477 |      0 |      0 |    299 |   1 |  477.0 |
               +--------+--------+--------+--------+--------+-----+--------+

Top non-repeatable levels by time:
Vaults:1: 2630 daAuts
Vaults:3: 2535 daAuts
 Snake:4: 2466 daAuts
Vaults:2: 2321 daAuts
Depths:3: 2231 daAuts
    D:14: 2067 daAuts
Depths:1: 1992 daAuts
 Snake:3: 1954 daAuts
Desolation: 1938 daAuts
    D:11: 1920 daAuts
    D:10: 1832 daAuts
  Lair:5: 1829 daAuts
     D:6: 1805 daAuts
 Crypt:3: 1736 daAuts
Vaults:4: 1614 daAuts
